 Dungeon Crawl Stone Soup version 0.27.1-1-g398f81649c (webtiles) character file.

Game seed: 7803115839907475022

48 Borgoz the Skirmisher (level 3, -2/24 HPs)
             Began as a Gargoyle Fighter on Sept 16, 2021.
             Slain by Sigmund (12 damage)
             ... on level 2 of the Dungeon.
             The game lasted 00:01:45 (1278 turns).

Borgoz the Skirmisher (Gargoyle Fighter)            Turns: 1278, Time: 00:01:46

Health: -2/24      AC: 11    Str: 19    XL:     3   Next: 72%
Magic:  3/3        EV:  7    Int:  8    God:
Gold:   19         SH:  9    Dex: 10    Spells: 2/2 levels left

rFire    . . .     SeeInvis .   a - +0 flail
rCold    . . .     Faith    .   c - +0 kite shield
rNeg     + . .     Spirit   .   b - +0 scale mail
rPois    ∞         Reflect  .   h - +0 helmet
rElec    +         Harm     .   (no cloak)
rCorr    .         Rampage  .   (no gloves)
Will     .....                  (no boots)
Stlth    ..........             (no amulet)
HPRegen  0.08/turn              (no ring)
MPRegen  0.08/turn              (no ring)

@: mighty
A: sickness immunity, AC +3, negative energy resistance 1, electricity
resistance, torment resistance 1, petrification resistance
a: no special abilities


You were on level 2 of the Dungeon.
You visited 1 branch of the dungeon, and saw 2 of its levels.

You collected 19 gold pieces.

Inventory:

Hand Weapons
 a - a +0 flail (weapon)
Armour
 b - a +0 scale mail (worn)
 c - a +0 kite shield (worn)
 h - a +0 helmet (worn)
Scrolls
 f - a scroll of vulnerability {unknown}
 g - a scroll of enchant weapon {unknown}
 j - a scroll of teleportation {unknown}
Potions
 e - a potion of lignification {unknown}
 i - a potion of curing {unknown}


   Skills:
 * Level 4.0 Fighting
 * Level 2.6 Maces & Flails
 * Level 3.8 Armour
 + Level 3.5 Shields


You had 2 spell levels left.
You didn't know any spells.
Your spell library was empty.

Dungeon Overview and Level Annotations

Branches:
Dungeon (2/15)

Altars:

Shops:
D:1 [

Annotations:
D:2 Sigmund


Innate Abilities, Weirdness & Mutations

You are immune to sickness and miasma.
Your stone body is resilient. (AC +3)
You are immune to poison.
You resist negative energy. (rN+)
You are resistant to electric shocks. (rElec)
You are resistant to unholy torment.
You are immune to petrification.


Message History

The ball python constricts you. You block the ball python's attack.
The ball python constricts you.
You thump the ball python!
You kill the ball python!
No target in view!
No target in view!
No target in view!
HP restored.
Found 11 bolts.
You see here 11 bolts.
You open the door.
Found an escape hatch in the floor.
Found a stone staircase leading down.
There is an open door here.
You open the door.
There is an open door here.
Found a mace.
Found a mace.
Sigmund the Dreaded comes into view.
He is wielding a +4 scythe of protection and wearing a +1 robe of cold resistance.
Sigmund shouts!
Sigmund gestures at you while chanting.
You are confused.
Sigmund is nearby!
You are too confused!
You feel very mighty all of a sudden.
Sigmund hits you with a +4 scythe of protection.
You bump into the rock wall.
Sigmund hits you with a +4 scythe of protection!
You bump into the rock wall.
You feel less confused.
You sock Sigmund!
Sigmund is moderately wounded.
Sigmund hits you with a +4 scythe of protection.
You closely miss Sigmund.
Sigmund is moderately wounded.
You block Sigmund's attack.
You closely miss Sigmund.
Sigmund is moderately wounded.
Sigmund hits you with a +4 scythe of protection!
Ouch! That really hurt!
You die...

#.###.# ##+#
#.# #.....# #.#
#.##### #..#
#.# #..
###.#######.#
##.
#............
#.#.#.#####.
#.#)#.#####.###
# #....@@......
###.#####.##.
#.# #.# ..# ###


You could see Sigmund.

Vanquished Creatures
  A worm (D:2)
  A dart slug (D:1)
  6 bats (D:1)
  2 giant cockroaches (D:1)
  5 goblins (D:1)
  4 hobgoblins (D:1)
  6 jackals (D:1)
  3 kobolds (D:1)
  A quokka (D:1)
  3 ball pythons
  A frilled lizard (D:1)
  4 rats (D:1)
37 creatures vanquished.

Notes
Turn   | Place    | Note
-------+----------+-------------------------------------------
     0 | D:1      | Borgoz the Gargoyle Fighter began the quest for the Orb.
     0 | D:1      | Reached XP level 1. HP: 14/14 MP: 1/1
   265 | D:1      | Found Zuedwi's Armour Emporium.
   315 | D:1      | Reached XP level 2. HP: 19/19 MP: 2/2
   582 | D:1      | Reached XP level 3. HP: 21/24 MP: 3/3
  1010 | D:1      | Reached skill level 4 in Fighting
  1270 | D:2      | Noticed Sigmund
  1278 | D:2      | Slain by Sigmund

Illustrated notes

Levels and vault maps discovered:
D:1:      wander_arrival_desolate, layout_loops_corners, serial_shops,
          nicolae_square_shop, minmay_vboxes
D:2:      layout_loops_corners, basic_altar, uniq_natasha, uniq_sigmund

Skill      XL: |  1  2  3 |
---------------+----------+-----
Fighting       | 4 |  4.0
Maces & Flails | |  2.6
Armour         | |  3.8
Shields        | |  3.5

Action                   || total
-------------------------++-------
Melee: Flail             ||   132
  Use: Potion            ||     1
Armor: Scale mail        ||    82
Dodge: Dodged            ||    46
Block: Kite shield       ||    82
